 Dungeon Crawl Stone Soup version 0.28-a0-1387-g3a22ab9bdc (webtiles) character file.

Game seed: 15684312352891650170

151 lunkers the Chopper (level 5, -6/48 HPs)
             Began as a Minotaur Cinder Acolyte on Jan 2, 2022.
             Was a High Priest of Ignis.
             Mangled by Crazy Yiuf (8 damage)
             ... on level 2 of the Dungeon.
             The game lasted 00:02:30 (2744 turns).

lunkers the Chopper (Minotaur Cinder Acolyte)       Turns: 2744, Time: 00:02:31

Health: -6/48      AC:  7    Str: 20    XL:     5   Next: 11%
Magic:  1/5        EV: 11    Int: 11    God:    Ignis [*****.]
Gold:   68         SH:  0    Dex:  6    Spells: 4/6 levels left

rFire   + . .      SeeInvis .   a - -1 hand axe (flame)
rCold   . . .      Faith    .   (no shield)
rNeg    + . .      Spirit   .   l - +2 robe {rN+}
rPois   .          Reflect  .   (helmet restricted)
rElec   .          Harm     .   (no cloak)
rCorr   +          Rampage  .   (no gloves)
Will    .....                   (no boots)
Stlth   +.........              (no amulet)
HPRegen 0.16/turn               d - ring of resist corrosion
MPRegen 0.09/turn               (no ring)

@: attractive
A: horns 2, retaliatory headbutt, iridescent scales 1, shaggy fur 1
a: Renounce Religion, Fiery Armour, Foxfire Swarm, Rising Flame


You were on level 2 of the Dungeon.
You worshipped Ignis.
Ignis was extremely pleased with you.
You visited 1 branch of the dungeon, and saw 2 of its levels.

You collected 68 gold pieces.

Inventory:

Hand Weapons
 a - a -1 hand axe of flaming (weapon)
Missiles
 f - 68 stones (quivered)
 h - 6 javelins
Armour
 l - a +2 robe of positive energy (worn)
Jewellery
 d - a ring of resist corrosion (left hand)
Scrolls
 e - 2 scrolls of vulnerability {unknown}
 g - a scroll of magic mapping {unknown}
 k - a scroll of enchant armour {unknown}


   Skills:
 + Level 5.0 Fighting
 * Level 6.1 Axes
 - Level 1.0 Spellcasting
 - Level 2.1 Fire Magic


You had 4 spell levels left.
You knew the following spells:

 Your Spells              Type           Power      Damage    Failure   Level
b - Scorch                Fire           10%        2d5       21%         2

Your spell library contained the following spells:

 Spells                   Type           Power      Damage    Failure   Level
 Summon Guardian Golem    Hex/Summ       0%         N/A       67%         3
 Orb of Destruction       Conj           0%         N/A       100%        7
 Spellforged Servitor     Conj/Summ      0%         N/A       100%        7


Dungeon Overview and Level Annotations

Branches:
Dungeon (2/15)

Altars:

Annotations:
D:2 Crazy Yiuf


Innate Abilities, Weirdness & Mutations

You have a pair of horns on your head.
You reflexively headbutt those who attack you in melee.
You are partially covered in iridescent scales. (AC +2)
You are covered in fur. (AC +1)


Message History

* * * LOW HITPOINT WARNING * * *
You bump into the rock wall.
Crazy Yiuf flaps his cloak.
Crazy Yiuf hits you with a +3 quarterstaff of chaos.
* * * LOW HITPOINT WARNING * * *
You are poisoned.
Unknown command.
You bump into the rock wall.
You feel less confused.
* * * LOW HITPOINT WARNING * * *
You feel very sick.
Crazy Yiuf is no longer more vulnerable to fire.
Crazy Yiuf hits you with a +3 quarterstaff of chaos.
* * * LOW HITPOINT WARNING * * *
You are more poisoned.
Unknown command.
It was a potion of mutation.
You feel extremely strange.
Iridescent scales grow over part of your body.
Fur sprouts all over your body.
* * * LOW HITPOINT WARNING * * *
You feel very sick. Crazy Yiuf misses you.
Unknown command.
It was a potion of curing.
You feel better. Crazy Yiuf barely misses you.
It was a potion of attraction.
You feel attractive to monsters. Crazy Yiuf closely misses you.
You slash Crazy Yiuf! You burn Crazy Yiuf.
Crazy Yiuf is almost dead.
Crazy Yiuf misses you.
You barely miss Crazy Yiuf.
Crazy Yiuf is almost dead.
Crazy Yiuf hits you with a +3 quarterstaff of chaos!
* * * LOW HITPOINT WARNING * * *
Unknown command.
Unknown command.
You hit Crazy Yiuf but do no damage.
Crazy Yiuf is almost dead.
Crazy Yiuf hits you with a +3 quarterstaff of chaos!
You die...

#.##............
#.######........
##.# #.#######
##..## #.#
#....# ###.#
##..### #...#
#....# ##..#
#....# #..#
#.@### ##..##
#### ##g#
#...<###... #.##
#........## ##.#
#.......... #.##
#....###### ##.#
#....# #'#
###### ... #...#


You could see Crazy Yiuf.

Vanquished Creatures
  A scorpion (D:2)
  Jessica (D:2)
  Robin (D:2)
  A worm (D:2)
  5 bats
  3 endoplasms
  2 giant cockroaches (D:1)
  14 goblins
  8 hobgoblins
  A quokka (D:1)
  2 ball pythons (D:2)
  3 frilled lizards
  3 kobolds (D:2)
45 creatures vanquished.

Notes
Turn   | Place    | Note
-------+----------+-------------------------------------------
     0 | D:1      | lunkers the Minotaur Cinder Acolyte began the quest for the
                  | Orb.
     0 | D:1      | Reached XP level 1. HP: 19/19 MP: 1/1
   257 | D:1      | Reached skill level 4 in Axes
   260 | D:1      | Reached XP level 2. HP: 27/27 MP: 2/2
   473 | D:1      | Found a faded altar of an unknown god.
  1152 | D:2      | Learned a level 2 spell: Scorch
  1234 | D:2      | Noticed a scorpion
  1243 | D:2      | Killed a scorpion
  1244 | D:2      | Reached skill level 5 in Axes
  1244 | D:2      | Reached XP level 3. HP: 19/34 MP: 0/3
  1244 | D:2      | Reached XP level 4. HP: 22/41 MP: 0/4
  1508 | D:2      | Noticed Robin
  1546 | D:2      | Killed Robin
  2511 | D:2      | Noticed Jessica
  2515 | D:2      | Killed Jessica
  2516 | D:2      | Reached skill level 5 in Fighting
  2516 | D:2      | Reached skill level 6 in Axes
  2516 | D:2      | Reached XP level 5. HP: 44/48 MP: 0/5
  2589 | D:2      | Found a runed translucent door.
  2590 | D:2      | Noticed Crazy Yiuf
  2735 | D:2      | Gained mutation: You are partially covered in iridescent
                  | scales. (AC +2) [potion of mutation]
  2735 | D:2      | Gained mutation: You are covered in fur. (AC +1) [potion of
                  | mutation]
  2735 | D:2      | HP: 2/48 [poisoned by Crazy Yiuf]
  2743 | D:2      | HP: 2/48 [Crazy Yiuf (7)]
  2744 | D:2      | Mangled by Crazy Yiuf

Illustrated notes

Levels and vault maps discovered:
D:1:      onia_arrival_mini_maze, layout_loops_cross,
          hellmonk_ecumenical_altar_pennies_from_heaven
D:2:      layout_loops_ring, corexii_hall_statues_x, uniq_robin, uniq_jessica,
          uniq_crazy_yiuf_cottage

Skill      XL: |  1  2  3  4 |
---------------+-------------+-----
Axes           | 4 5 6 |  6.1
Fighting       | 4 5 |  5.0
Spellcasting   | |  1.0
Fire Magic     | |  2.1

Action                   |  1- 3 |  4- 6 || total
-------------------------+-------+-------++-------
Melee: Hand axe          |    40 |    49 ||    89
       Headbutt          |     8 |     4 ||    12
Throw: Stone             |     6 |     5 ||    11
 Cast: Scorch            |     1 |    15 ||    16
  Use: Potion            |       |     3 ||     3
Armor: Robe              |     6 |     9 ||    15
Dodge: Dodged            |    18 |    23 ||    41

Table legend: (Time is in decaauts)
 A = Elapsed time spent in this place.
 B = Non-inter-level travel time spent in this place.
 C = Inter-level travel time spent in this place.
 D = Time resting spent in this place.
 E = Time spent auto-exploring this place.
 F = Levels seen in this place.
 G = Mean time per level.
                   A        B        C        D        E       F      G
               +--------+--------+--------+--------+--------+-----+--------+
         Total |   2753 |   2698 |     55 |    445 |   1954 |   2 | 1376.5 |
       Dungeon |   2753 |   2698 |     55 |    445 |   1954 |   2 | 1376.5 |
               +--------+--------+--------+--------+--------+-----+--------+

Top non-repeatable levels by time:
     D:1: 1393 daAuts
     D:2: 1359 daAuts
